 Dungeon Crawl Stone Soup version 0.31-a0-984-gbfb7dba898 (webtiles) character file.

Game seed: 5226350944476410180

564 Descartes the Magician (level 7, -10/36 HPs)
             Began as a Deep Elf Earth Elementalist on Nov 3, 2023.
             Mangled by a wyvern (14 damage)
             ... on level 5 of the Dungeon.
             The game lasted 00:09:57 (3577 turns).

Descartes the Magician (DEEE)                       Turns: 3577, Time: 00:09:58

Health: -10/36     AC:  3    Str:  5    XL:     7   Next: 10%
Magic:  13/18      EV: 14    Int: 22    God:
Gold:   252        SH:  0    Dex: 15    Spells: 10/18 levels left

rFire   . . .        y - +1 dagger (venom)
rCold   . . .        (no shield)
rNeg    . . .        a - +0 robe
rPois   .            (no helmet)
rElec   .            i - +0 cloak
rCorr   .            (no gloves)
SInv    .            (no boots)
Will    .....        d - amulet of reflection
Stlth   +            (no ring)
HPRegen 0.26/turn    (no ring)
MPRegen 0.16/turn

%: reflection
@: confused
A: no striking features
a: no special abilities


You were on level 5 of the Dungeon.
You visited 1 branch of the dungeon, and saw 5 of its levels.

You collected 252 gold pieces.

Inventory:

Hand Weapons
 y - a +1 dagger of venom (weapon)
 B - a +0 orcbow
Missiles
 e - 3 poisoned darts
 q - a boomerang
 t - a throwing net
Armour
 a - a +0 robe (worn)
 i - a +0 cloak (worn)
Jewellery
 d - an amulet of reflection (around neck)
Scrolls
 f - a scroll of acquirement {unknown}
 j - a scroll of noise {unknown}
 k - 4 scrolls of vulnerability {unknown}
 n - a scroll of teleportation {unknown}
 o - 4 scrolls of identify {unknown}
 p - 2 scrolls of butterflies {unknown}
 s - a scroll of poison {unknown}
 v - a scroll of silence {unknown}
 z - a scroll of enchant armour {unknown}
Potions
 b - a potion of magic
 c - a potion of lignification {unknown}
 g - 2 potions of heal wounds {unknown}
 h - 2 potions of mutation {unknown}
 l - a potion of invisibility {unknown}
 m - a potion of brilliance {unknown}
 r - a potion of haste {unknown}
 u - a potion of berserk rage {unknown}
 w - a potion of attraction {unknown}
 x - a potion of resistance {unknown}
 A - a potion of might {unknown}


   Skills:
 + Level 5.6 Dodging
 - Level 2.4 Stealth
 + Level 6.2 Spellcasting
 + Level 1.6 Conjurations
 - Level 1.1 Transmutations
 + Level 5.6 Earth Magic


You had 10 spell levels left.
You knew the following spells:

 Your Spells              Type           Power      Damage    Failure   Level
a - Sandblast             Erth           62%        2d14      1%          1
b - Stone Arrow           Conj/Erth      44%        3d9       6%          3
c - Brom's Barrelling Bo  Conj/Erth      22%        2d4       21%         4

Your spell library contained the following spells:

 Spells                   Type           Power      Damage    Failure   Level
 Passwall                 Tmut/Erth      17%        N/A       3%          2
 Wereblood                Tmut           11%        N/A       9%          2
 Sublimation of Blood     Necr           6%         N/A       14%         2
 Petrify                  Tmut/Erth      21%        N/A       22%         4
 Conjure Ball Lightning   Conj/Air       5%         3x3d6     100%        6
 Summon Hydra             Summ           3%         N/A       100%        7
 Discord                  Hex            3%         N/A       100%        8
 Disjunction              Tloc           3%         N/A       100%        8


Dungeon Overview and Level Annotations

Branches:
Dungeon (5/15)
 Temple: D:4-7

Altars:
Cheibriados
Dithmenos
Qazlal
Uskayaw
Yredelemnul


Message History

Confirm with . or Enter, or press ? or * to list all spells.
Aiming: Sandblast (safe; 1% risk of failure)
Press: ? - help, Shift-Dir - straight line, f - orc wizard
Aim: an orc wizard, wielding a +0 dagger and wearing a +0 robe (80% to hit)
The blast of sand hits the orc wizard!
The orc wizard is heavily wounded.
The orc wizard hits you with a +0 dagger.
Casting: Sandblast (safe; 1% risk of failure)
Confirm with . or Enter, or press ? or * to list all spells.
Aiming: Sandblast (safe; 1% risk of failure)
Press: ? - help, Shift-Dir - straight line, f/p - orc wizard
Aim: an orc wizard, wielding a +0 dagger and wearing a +0 robe (heavily wounded, 80% to hit)
The blast of sand hits the orc wizard!
You kill the orc wizard!
You block the wyvern's attack. The wyvern bites you!!
Ouch! That really hurt!
Something hits you but does no damage.
Casting: Sandblast (safe; 1% risk of failure)
Confirm with . or Enter, or press ? or * to list all spells.
Aiming: Sandblast (safe; 1% risk of failure)
Press: ? - help, Shift-Dir - straight line, f - wyvern
Aim: a wyvern (84% to hit)
The blast of sand hits the wyvern!
The wyvern is heavily wounded.
The wyvern bites you.
The wyvern bites you but does no damage.
Casting: Sandblast (safe; 1% risk of failure)
Confirm with . or Enter, or press ? or * to list all spells.
Aiming: Sandblast (safe; 1% risk of failure)
Press: ? - help, Shift-Dir - straight line, f/p - wyvern
Aim: a wyvern (heavily wounded, 84% to hit)
The blast of sand misses the wyvern.
The wyvern bites you!
* * * LOW HITPOINT WARNING * * *
Something barely misses you. Something hits you but does no damage.
The wyvern bites you but does no damage.
You block something's attack.
You hear some strange, mumbled words.
You are confused.
The wyvern bites you!
You die...

. .. ...
....
######.....
#<.........
#.@l.).....
#..{{......
#.....)....
#..........
#..........
#..........
#.#########
#.


You could see a wyvern.

Vanquished Creatures
  An ogre (D:4)
  A scorpion (D:4)
  4 orc priests
  An iguana (D:3)
  An orc wizard (D:5)
  4 adders
  10 gnolls
  A shadow imp (D:4)
  3 worms
  13 orcs
  4 bats
  4 endoplasms
  2 giant cockroaches
  10 hobgoblins
  5 jackals
  4 kobolds
  6 quokkas
  9 ball pythons
  5 frilled lizards
  8 goblins
  5 rats
101 creatures vanquished.

Notes
Turn   | Place    | Note
-------+----------+-------------------------------------------
     0 | D:1      | Descartes the Deep Elf Earth Elementalist began the quest
                  | for the Orb.
     0 | D:1      | Reached XP level 1. HP: 10/10 MP: 6/6
     9 | D:1      | Reached XP level 2. HP: 15/15 MP: 5/8
   147 | D:1      | Found a faded altar of an unknown god.
   535 | D:1      | Reached XP level 3. HP: 19/19 MP: 8/10
  1127 | D:2      | Found a hide-covered altar of Uskayaw.
  1245 | D:2      | Reached skill level 4 in Spellcasting
  1626 | D:2      | Reached XP level 4. HP: 24/24 MP: 6/12
  1951 | D:3      | Reached XP level 5. HP: 28/28 MP: 7/14
  2282 | D:3      | Found a shadowy altar of Dithmenos.
  2345 | D:3      | Found a basalt altar of Yredelemnul.
  2358 | D:3      | Found a stormy altar of Qazlal.
  2467 | D:3      | Reached skill level 5 in Spellcasting
  2912 | D:4      | Reached skill level 5 in Earth Magic
  2912 | D:4      | Reached XP level 6. HP: 32/32 MP: 12/16
  2961 | D:4      | Reached skill level 5 in Dodging
  3135 | D:4      | Reached skill level 6 in Spellcasting
  3135 | D:4      | Reached skill level 1 in Conjurations
  3237 | D:4      | Reached XP level 7. HP: 36/36 MP: 11/18
  3303 | D:4      | Learned a level 3 spell: Stone Arrow
  3308 | D:4      | Learned a level 4 spell: Brom's Barrelling Boulder
  3311 | D:4      | Found a snail-covered altar of Cheibriados.
  3568 | D:5      | Entered Level 5 of the Dungeon
  3571 | D:5      | Noticed a wyvern
  3577 | D:5      | Mangled by a wyvern

Illustrated notes

Levels and vault maps discovered:
D:1:      erik_arrival_blinker_ship, layout_basic,
          hellmonk_ecumenical_altar_arch_garden
D:2:      layout_loops_ring, basic_altar
D:3:      wad_woods_settlement, layout_basic, grunt_dithmenos_smoke,
          nicolae_qazlal_scattered_showers, mainiacjoe_overflow_six_doors_small
D:4:      layout_rooms, cheibriados_altar_1
D:5:      layout_basic, minmay_misc_feat_square, uniq_pikel

Skill      XL: |  1  2  3  4  5  6 |
---------------+-------------------+-----
Dodging        | 3 4 5 |  5.6
Earth Magic    | 4 5 |  5.6
Spellcasting   | 4 5 6 |  6.2
Conjurations   | 1 |  1.6
Stealth        | |  2.4
Transmutations | |  1.1

Action                     |  1- 3 |  4- 6 |  7- 9 || total
---------------------------+-------+-------+-------++-------
  Melee: Dagger            |       |     4 |       ||     4
   Cast: Sandblast         |    56 |    93 |    12 ||   161
 Armour: Robe              |     2 |    11 |     9 ||    22
  Dodge: Dodged            |     3 |    29 |     1 ||    33
  Block: Other             |     3 |    14 |     2 ||    19
         Reflection        |     1 |       |       ||     1

Table legend: (Time is in decaauts)
 A = Elapsed time spent in this place.
 B = Non-inter-level travel time spent in this place.
 C = Inter-level travel time spent in this place.
 D = Time resting spent in this place.
 E = Time spent auto-exploring this place.
 F = Levels seen in this place.
 G = Mean time per level.
                   A        B        C        D        E       F      G
               +--------+--------+--------+--------+--------+-----+--------+
         Total |   3657 |   3539 |    118 |      0 |   3021 |   5 |  731.4 |
       Dungeon |   3657 |   3539 |    118 |      0 |   3021 |   5 |  731.4 |
               +--------+--------+--------+--------+--------+-----+--------+

Top non-repeatable levels by time:
     D:3: 1139 daAuts
     D:1: 991 daAuts
     D:4: 762 daAuts
     D:2: 752 daAuts
     D:5: 11 daAuts
